Map: Lightshade LE

Players

SKILLOUS

  • Race: Protoss Protoss
  • League: Grandmaster
  • Spawn Location: 5:00

Lambo - Winner!

  • Race: Zerg Zerg
  • League: Grandmaster
  • Spawn Location: 11:00

VOD

https://www.youtube.com/watch?v=DNGTdVaLKCA

Description

Here it is, the ZvP early game guide for Zerg Players from all levels.
Link to Part 2: https://youtu.be/GDlcvZGFEKo​
Notes for this Stream: https://pastebin.com/MsTWx7JS​
Replay: https://drop.sc/replay/18127591​
I will try talking about everything you need to know in the early stages of the game, and how to drone up properly. In this Part i am explaining most of the basics so i will only cover Oracle first with an early 3rd Base. I will upload the 2nd Part tomorrow!

Time

  • Played on: Feb. 9, 2021, 4 a.m.
  • Length: 6:07
Show
View Real Time Build Order
Export as new Build Order

SKILLOUS Protoss 

Build Orders: 1 Gate Expand, Oracle Opening 

Get SALT Encoding   

  12  0:00  Probe  
  13  0:12  Probe  
  14  0:19  Pylon  
  14  0:24  Probe  
  15  0:38  Probe (Chrono Boost)  
  15  0:42  Gateway  
  16  0:47  Assimilator, Probe (Chrono Boost)  
  17  0:52  Probe (Chrono Boost)  
  19  1:04  Probe  
  19  1:16  Probe  
  20  1:24  Nexus  
  20  1:34  Cybernetics Core  
  20  1:37  Probe  
  21  1:45  Assimilator  
  21  1:49  Probe  
  21  1:53  Pylon  
  23  2:01  Probe  
  23  2:08  Adept (Chrono Boost)  
  23  2:13  Probe  
  26  2:18  Stargate  
  26  2:26  Warp Gate, Probe (Chrono Boost)  
  27  2:35  Stalker (Chrono Boost)  
  27  2:36  Probe (Chrono Boost)  
  30  2:43  Probe (Chrono Boost)  
  31  2:45  Probe (Chrono Boost)  
  31  2:50  Probe x2 (Chrono Boost)  
  34  3:01  Oracle (Chrono Boost), Probe  
  34  3:02  Probe  
  39  3:10  Pylon  
  39  3:14  Probe  
  39  3:15  Probe  
  39  3:16  Gateway  
  41  3:26  Probe  
  42  3:27  Probe  
  42  3:32  Oracle  
  46  3:38  Probe  
  46  3:39  Probe  
  48  3:50  Probe  
  48  3:51  Probe  
  48  3:53  Nexus  
  48  3:54  Pylon  
  50  4:02  Assimilator, Probe  
  51  4:03  Probe  
  51  4:05  Assimilator, Robotics Facility  
  52  4:14  Probe  
  52  4:15  Probe  
  54  4:22  Pylon  
  54  4:25  Shield Battery  
  54  4:26  Probe  
  54  4:27  Probe  
  56  4:33  Sentry x2  
  60  4:38  Probe  
  60  4:40  Pylon, Probe  
  60  4:44  Gateway  
  60  4:45  Gateway  
  62  4:49  Pylon  
  62  4:50  Probe (Chrono Boost)  
  62  4:52  Probe (Chrono Boost)  
  64  4:53  Observer (Chrono Boost)  
  65  5:02  Probe (Chrono Boost)  
  65  5:04  Probe (Chrono Boost)  
  68  5:07  Probe (Chrono Boost)  
  68  5:08  Immortal  
  68  5:11  Probe (Chrono Boost)  
  68  5:12  Probe (Chrono Boost)  
  75  5:14  Probe (Chrono Boost)  
  75  5:17  Adept x2  
  75  5:18  Probe (Chrono Boost)  
  75  5:19  Probe (Chrono Boost)  
  81  5:25  Forge  
  81  5:26  Probe  
  81  5:27  Twilight Council  
  82  5:29  Probe  
  82  5:31  Probe  
  83  5:37  Assimilator  
  83  5:38  Probe  
  83  5:41  Assimilator, Probe  
  85  5:43  Probe  
  85  5:47  Gateway  
  86  5:50  Probe  
  86  5:53  Gateway  
Show
View Real Time Build Order
Export as new Build Order

Lambo Zerg - Winner!

Build Orders: Hatch First 

Get SALT Encoding   

  12  0:00  Drone  
  13  0:12  Overlord  
  13  0:16  Drone  
  14  0:30  Drone x2  
  16  0:48  Hatchery  
  15  0:51  Drone  
  15  0:55  Drone  
  17  0:59  Drone  
  18  1:09  Extractor  
  17  1:14  Spawning Pool  
  17  1:16  Drone  
  17  1:21  Drone  
  18  1:29  Drone  
  19  1:40  Drone  
  20  1:52  Overlord  
  20  2:00  Queen x2  
  25  2:01  Zergling x4  
  26  2:11  Drone x2  
  26  2:14  Metabolic Boost  
  28  2:22  Drone x2  
  30  2:32  Drone x2  
  32  2:38  Hatchery  
  32  2:43  Drone  
  32  2:45  Overlord  
  32  2:52  Queen  
  32  2:55  Drone  
  32  2:57  Drone  
  36  3:05  Overlord  
  36  3:06  Queen  
  36  3:09  Drone  
  36  3:11  Drone  
  40  3:13  Drone  
  40  3:16  Drone  
  40  3:17  Drone  
  43  3:23  Overlord  
  43  3:26  Drone  
  44  3:29  Queen  
  44  3:32  Drone  
  47  3:37  Spore Crawler, Overlord  
  47  3:40  Drone x2  
  48  3:45  Drone x2  
  50  3:51  Queen, Drone  
  50  3:54  Zergling x2  
  54  3:56  Zergling x2  
  54  4:02  Zergling x4, Drone  
  58  4:03  Drone  
  58  4:07  Overlord  
  58  4:08  Drone  
  60  4:13  Drone x2  
  63  4:17  Drone x3  
  63  4:20  Lair  
  63  4:24  Drone  
  66  4:27  Roach Warren  
  66  4:28  Drone x2  
  66  4:30  Extractor  
  66  4:32  Extractor  
  66  4:35  Drone  
  66  4:36  Drone x3  
  66  4:38  Spore Crawler  
  68  4:42  Zergling x4  
  68  4:43  Drone x2  
  72  4:45  Overlord  
  72  4:48  Drone x3  
  72  4:50  Drone  
  72  4:52  Drone  
  74  5:00  Evolution Chamber  
  74  5:01  Drone  
  74  5:04  Drone x4  
  78  5:07  Overlord  
  78  5:08  Drone  
  78  5:10  Extractor, Drone  
  78  5:13  Spore Crawler  
  79  5:14  Drone x2  
  80  5:22  Drone  
  80  5:24  Extractor x2  
  80  5:25  Drone x2  
  81  5:28  Drone x2  
  81  5:34  Drone x2  
  81  5:35  Drone x3  
  85  5:43  Overlord  
  85  5:46  Infestation Pit  
  85  5:47  Drone x2  
  85  5:49  Hatchery  
Tags
 
Add a new tag
Caveats
  • Supply blocks, unpowered buildings, or Contaminate may cause inaccurate times.
  • Supply counts are checked every 10 seconds.